 Dungeon Crawl Stone Soup version 0.23.2 (webtiles) character file.

Game seed: 4177180649208836178

158 KOK29364 the Gusty (level 5, -6/39 HPs)
             Began as a Draconian Air Elementalist on Apr 8, 2019.
             Was an Initiate of Qazlal.
             Mangled by an iguana (15 damage)
             ... on level 3 of the Dungeon.
             The game lasted 00:17:51 (4421 turns).

KOK29364 the Gusty (Draconian Air Elementalist)     Turns: 4421, Time: 00:17:52

Health: -6/39      AC:  5    Str: 10    XL:     5   Next: 16%
Magic:  0/9        EV: 13    Int: 20    God:    Qazlal [......]
Gold:   69         SH:  0    Dex: 12    Spells: 3/9 levels left

rFire    . . .     SeeInvis .   f - +0 dagger
rCold    . . .     Gourm    .   (no shield)
rNeg     . . .     Faith    .   (armour unavailable)
rPois    .         Spirit   .   (helmet restricted)
rElec    .         Reflect  .   (no cloak)
rCorr    .         Harm     .   (no gloves)
MR       .....                  (no boots)
Stlth    ++........             (no amulet)
HPRegen  0.13/turn              k - +4 ring of intelligence
MPRegen  0.11/turn              (no ring)

@: no status effects
A: unfitting armour, cold-blooded, AC +5
a: Renounce Religion


You were on level 3 of the Dungeon.
You worshipped Qazlal.
Qazlal was noncommittal.
You were not hungry.

You visited 1 branch of the dungeon, and saw 3 of its levels.

You collected 69 gold pieces.

Inventory:

Hand Weapons
 d - a +0 club
 f - a +0 dagger (weapon)
 j - a +2 vampiric dagger
Missiles
 e - 12 arrows
 i - 52 stones (quivered)
Armour
 c - a +0 leather armour
 h - a +0 robe
Jewellery
 k - a +4 ring of intelligence (left hand)
Scrolls
 l - a scroll of immolation
Potions
 g - a potion of might
Comestibles
 a - 2 chunks of flesh
 b - 3 rations


   Skills:
 + Level 0.7 Fighting
 + Level 1.0 Short Blades
 + Level 3.0 Dodging
 + Level 2.2 Stealth
 + Level 2.9 Spellcasting
 + Level 1.5 Conjurations
 + Level 3.7 Air Magic


You had 3 spell levels left.
You knew the following spells:

 Your Spells              Type           Power        Failure   Level  Hunger
a - Shock                 Conj/Air       ##..         4%          1    None
b - Swiftness             Chrm/Air       ##......     10%         2    ##.....
c - Static Discharge      Conj/Air       ##......     14%         3    ###....

Your spell library contained the following spells:

 Spells                   Type           Power        Failure   Level  Hunger
 Airstrike                Air            ###.......   30%         4    ####...
 Lightning Bolt           Conj/Air       ##........   80%         5    ######.


Dungeon Overview and Level Annotations

Branches:
Dungeon (3/15)

Altars:
Elyvilon
Qazlal


Innate Abilities, Weirdness & Mutations

Your plain brown scales are hard. (AC +5)
You cannot fit into any form of body armour.
You are cold-blooded and may be slowed by cold attacks.


Message History

The zap hits the iguana.
The iguana is severely wounded.
The zap hits the adder.
The adder is lightly wounded.
The iguana misses you.
You barely miss the iguana.
The iguana is severely wounded.
The iguana misses you.
You hit the iguana but do no damage.
The iguana is severely wounded.
The iguana closely misses you.
You completely miss the iguana.
The iguana is severely wounded.
The iguana bites you!
* * * LOW HITPOINT WARNING * * *
You barely miss the iguana.
The iguana is severely wounded.
The iguana barely misses you. The iguana bites you!
You die...

####.# #....# #....#
#....# #....# . #....# ..
####รท##...
...#################.)....
......)Sl@................
...####################...
... .. . .


You could see an iguana and an adder.

Vanquished Creatures
  Ijyb (D:3)
  Natasha (D:2)
  A worker ant (D:2)
  3 adders
  An ooze (D:1)
  A worm (D:3)
  A dart slug (D:1)
  A leopard gecko (D:1)
  6 bats
  3 goblins
  6 hobgoblins
  2 jackals (D:1)
  6 kobolds
  3 quokkas
  4 ball pythons
  4 frilled lizards
  7 rats
51 creatures vanquished.

Notes
Turn   | Place    | Note
-------+----------+-------------------------------------------
     0 | D:1      | KOK29364 the Draconian Air Elementalist began the quest for
                  | the Orb.
     0 | D:1      | Reached XP level 1. HP: 14/14 MP: 3/3
   540 | D:1      | Reached XP level 2. HP: 20/20 MP: 3/5
   544 | D:1      | Learned a level 2 spell: Swiftness
  1352 | D:1      | Reached XP level 3. HP: 26/26 MP: 1/6
  1403 | D:1      | Learned a level 3 spell: Static Discharge
  2753 | D:2      | Found a stormy altar of Qazlal.
  2761 | D:2      | Became a worshipper of Qazlal Stormbringer
  2884 | D:2      | Reached XP level 4. HP: 10/33 MP: 1/8
  3350 | D:2      | Noticed Natasha
  3366 | D:2      | Killed Natasha
  3599 | D:2      | Found a white marble altar of Elyvilon.
  4394 | D:3      | Noticed Ijyb
  4411 | D:3      | Killed Ijyb
  4411 | D:3      | Reached skill level 1 in Short Blades
  4411 | D:3      | Reached XP level 5. HP: 20/39 MP: 0/9
  4421 | D:3      | Mangled by an iguana

Skill      XL: |  1  2  3  4 |
---------------+-------------+-----
Dodging        | 2 3 |  3.0
Stealth        | 2 |  2.2
Short Blades   | 1 |  1.0
Fighting       | |  0.7
Spellcasting   | |  2.9
Conjurations   | |  1.5
Air Magic      | |  3.7

Action                   |  1- 3 |  4- 6 || total
-------------------------+-------+-------++-------
Melee: Unarmed           |    29 |       ||    29
       Tailslap          |    14 |     3 ||    17
       Dagger            |    62 |    42 ||   104
       Club              |     4 |       ||     4
 Cast: Shock             |    56 |    20 ||    76
       Static Discharge  |     2 |     4 ||     6
  Use: Scroll            |     7 |     1 ||     8
       Potion            |       |     1 ||     1
  Eat: Ration            |     1 |     1 ||     2
       Chunk             |     3 |     2 ||     5
Armor: Skin              |    32 |    13 ||    45
Dodge: Dodged            |    84 |    25 ||   109
